Map: Emerald City LE

Players

Ansenlong - Winner!

  • Race: Terran Terran

siBeling - Winner!

  • Race: Zerg Zerg

qqq

  • Race: Zerg Zerg

Massa

  • Race: Terran Terran
  • League: Platinum

VOD

Have the link to the VOD?

Description

Time

  • Played on: April 20, 2021, 3:55 p.m.
  • Length: 15:16
Show
View Real Time Build Order
Export as new Build Order

Ansenlong Terran - Winner!

Build Orders:  

Get SALT Encoding   

  12  0:01  SCV  
  13  0:13  SCV  
  14  0:19  Supply Depot  
  14  0:25  SCV  
  15  0:37  Refinery  
  15  0:41  SCV  
  16  0:46  Barracks  
  16  0:53  SCV  
  17  1:05  SCV  
  18  1:17  SCV  
  19  1:29  SCV  
  20  1:39  Reaper  
  21  1:41  SCV  
  21  1:53  SCV  
  22  1:59  Command Center  
  22  2:05  SCV, Factory  
  23  2:14  Supply Depot  
  23  2:28  Orbital Command  
  23  2:36  Barracks Reactor  
  23  2:52  Supply Depot  
  20  3:28  Hellion x2  
  23  3:36  Orbital Command  
  22  3:47  SCV  
  23  3:49  Hellion x2  
  23  4:04  SCV  
  23  4:09  SCV, Marine  
  25  4:11  Hellion x2  
  29  4:20  SCV  
  29  4:24  SCV  
  31  4:27  Marine  
  32  4:39  SCV  
  33  4:50  Command Center  
  33  5:17  SCV  
  33  5:18  SCV  
  33  5:22  Barracks  
  33  5:23  Barracks  
  33  5:25  Bunker  
  33  5:29  SCV  
  33  5:32  SCV  
  33  5:33  Factory Tech Lab  
  33  5:35  Refinery x2  
  33  5:41  SCV  
  33  5:42  Marine x2  
  32  5:44  SCV  
  32  5:49  Factory  
  33  5:53  SCV  
  33  5:56  SCV  
  35  6:02  Siege Tank  
  38  6:04  Marine x2  
  38  6:06  SCV  
  38  6:08  SCV  
  38  6:10  Barracks Tech Lab  
  42  6:16  Engineering Bay  
  42  6:18  SCV  
  43  6:19  Marine  
  43  6:20  SCV  
  43  6:22  Marine  
  46  6:28  Marine  
  46  6:29  Marine  
  46  6:30  SCV  
  48  6:37  Marine  
  49  6:40  Marine  
  50  6:47  Orbital Command  
  50  6:48  SCV  
  50  6:49  Factory Tech Lab, Siege Tank  
  50  6:50  Stimpack  
  50  6:54  Terran Infantry Weapons Level 1  
  54  6:57  Engineering Bay  
  54  6:58  Armory  
  54  6:59  Supply Depot  
  54  7:02  Supply Depot  
  54  7:03  SCV  
  54  7:06  SCV  
  54  7:08  Marine x2  
  58  7:16  SCV  
  58  7:17  SCV  
  58  7:18  SCV  
  58  7:21  Siege Tank  
  64  7:28  SCV  
  65  7:34  SCV x2  
  65  7:35  Marauder, Marine  
  70  7:40  Terran Infantry Armor Level 1, Barracks Tech Lab  
  70  7:43  Supply Depot  
  70  7:45  Supply Depot  
  70  7:48  SCV  
  70  7:49  Refinery  
  71  7:51  Missile Turret  
  71  7:53  Siege Tank  
  71  7:55  Siege Tank  
  71  7:56  Marauder  
  79  8:01  SCV  
  79  8:03  SCV  
  79  8:04  SCV  
  79  8:05  Refinery  
  82  8:06  Refinery  
  82  8:11  Supply Depot  
  82  8:21  Marine x2  
  82  8:22  Marauder x2  
  88  8:37  Siege Tank  
  88  8:39  Marine x2, Siege Tank  
  88  8:40  Combat Shield  
  96  8:43  Marauder x2  
  96  8:44  Concussive Shells  
  100  8:57  Marine x2  
  101  9:04  Marauder  
  92  9:40  Marauder, Marine x2  
  92  9:41  Marauder  
  92  9:43  Terran Infantry Weapons Level 2, Siege Tank x2  
  104  9:45  Terran Infantry Armor Level 2  
  101  9:58  Marine x2  
  103  10:02  Marauder  
  99  10:16  Marauder, Marine x2  
  99  10:19  SCV x2  
  99  10:20  SCV  
  105  10:29  Marauder  
  105  10:31  SCV x2  
  109  10:54  Marine  
  109  11:01  Marine  
  109  11:03  Marauder  
  96  11:14  Marauder, Marine  
  87  11:19  Marine  
  87  11:20  SCV x2  
  87  11:21  SCV  
  87  11:25  Marauder  
  88  11:27  Barracks x3  
  88  11:28  Barracks  
  88  11:30  Barracks, Siege Tank x2  
  88  11:31  Barracks  
  88  11:32  Marine  
  90  11:33  Starport  
  90  11:35  Starport  
  90  11:36  Marauder  
  90  11:37  Marine  
  90  11:39  Supply Depot  
  93  11:40  SCV, Missile Turret, Supply Depot  
  93  11:41  Supply Depot  
  93  11:42  Supply Depot  
  93  11:46  Marauder  
  96  11:49  Marine, Command Center  
  97  11:54  Marine  
  97  11:55  Missile Turret  
  97  11:56  Marine  
  97  11:59  Missile Turret x3  
  99  12:02  Siege Tank x2, Terran Vehicle Weapons Level 1, Supply Depot x2  
  99  12:03  Missile Turret  
  99  12:04  Missile Turret, Supply Depot  
  99  12:07  Marine, Supply Depot  
  99  12:08  Marauder  
  108  12:12  Marine  
  100  12:24  Missile Turret  
  100  12:27  Missile Turret  
  100  12:34  Refinery  
  100  12:35  Marine x2  
  100  12:36  Refinery, Barracks Reactor x2, Barracks Tech Lab x3  
  102  12:37  Barracks Reactor  
  102  12:39  Terran Infantry Weapons Level 3  
  102  12:43  Supply Depot  
  102  12:45  Supply Depot  
  102  12:46  Starport Reactor  
  102  12:47  Starport Reactor  
  102  12:50  Missile Turret  
  102  13:02  Orbital Command  
  102  13:09  Marine x2  
  102  13:10  Marauder x3, Marine x2  
  112  13:20  Siege Tank x2  
  112  13:22  Medivac x2  
  122  13:27  Marine x2, Medivac  
  122  13:28  Marauder, Marine  
  122  13:30  Marine x2  
  122  13:31  Marine  
  132  13:39  SCV  
  132  13:40  SCV  
  134  13:47  Medivac  
  136  13:49  Command Center  
  136  13:51  Medivac, Missile Turret  
  136  13:52  Medivac, Siege Tank x2  
  136  13:55  Marine  
  146  13:56  Marine x9  
  146  13:57  Medivac  
  146  13:58  Marine  
  159  14:11  Missile Turret  
  159  14:18  Missile Turret  
  159  14:38  Missile Turret  
Show
View Real Time Build Order
Export as new Build Order

siBeling Zerg - Winner!

Build Orders: Hatch First, Lurkers, Muta Ling Bane 

Get SALT Encoding   

  12  0:00  Drone  
  13  0:13  Overlord  
  13  0:20  Drone  
  14  0:33  Drone x2  
  16  0:37  Drone  
  17  0:55  Hatchery  
  16  1:02  Drone  
  17  1:04  Drone  
  17  1:08  Drone  
  19  1:12  Extractor  
  18  1:21  Spawning Pool  
  17  1:32  Drone  
  17  1:33  Drone  
  19  1:43  Drone  
  20  1:54  Overlord  
  20  2:13  Queen  
  20  2:14  Queen  
  20  2:15  Drone x2  
  26  2:21  Drone, Metabolic Boost  
  26  2:30  Zergling x4  
  26  2:33  Drone  
  29  2:39  Drone  
  29  2:41  Drone  
  31  3:00  Baneling Nest  
  31  3:01  Drone x2  
  32  3:14  Drone  
  32  3:15  Drone x3  
  36  3:29  Overlord x2  
  35  3:42  Overlord  
  35  3:47  Queen x2  
  39  3:54  Zergling x2  
  39  3:55  Zergling x10  
  45  3:57  Hatchery  
  44  4:05  Overlord  
  44  4:06  Zergling x10  
  49  4:11  Drone  
  50  4:18  Drone  
  50  4:23  Drone  
  52  4:31  Drone x2  
  52  4:32  Extractor  
  53  4:41  Drone x2  
  53  4:43  Overlord  
  55  4:48  Lair  
  55  4:49  Extractor  
  54  5:00  Overlord  
  54  5:12  Drone  
  54  5:13  Drone x4  
  50  5:14  Drone x3  
  50  5:16  Zergling x4  
  52  5:30  Drone x6, Queen  
  60  5:40  Drone x3  
  63  5:45  Extractor  
  62  5:50  Drone, Spire  
  62  5:51  Drone x2  
  62  5:52  Overlord  
  62  5:53  Zergling x4  
  62  5:56  Drone x4  
  70  6:06  Extractor  
  68  6:14  Zergling x16  
  68  6:16  Baneling x2  
  68  6:17  Baneling x2  
  75  6:22  Zergling x2  
  76  6:32  Zergling x6  
  79  6:33  Zergling x4  
  78  6:44  Drone x8  
  78  6:45  Drone  
  87  6:51  Overlord  
  87  6:52  Extractor  
  79  7:03  Mutalisk x5  
  89  7:10  Spine Crawler  
  89  7:11  Spine Crawler x2  
  89  7:13  Zergling x12  
  92  7:21  Mutalisk x4  
  100  7:29  Mutalisk  
  102  7:33  Overlord  
  102  7:34  Drone x3  
  102  7:35  Drone  
  106  7:40  Evolution Chamber  
  106  7:41  Evolution Chamber  
  102  7:45  Mutalisk x2  
  102  7:48  Overlord  
  106  8:02  Mutalisk x3  
  106  8:04  Overlord x3  
  112  8:06  Hatchery  
  112  8:12  Zergling x16  
  115  8:31  Overlord  
  115  8:33  Mutalisk x4, Overlord  
  123  8:45  Mutalisk  
  123  8:46  Mutalisk  
  114  8:59  Mutalisk  
  114  9:01  Zergling x2  
  114  9:02  Zergling x24  
  111  9:14  Mutalisk x2  
  113  9:26  Centrifical Hooks  
  113  9:28  Zerg Melee Weapons Level 1  
  113  9:29  Zergling x8  
  113  9:30  Zergling x4  
  119  9:34  Hatchery  
  118  9:43  Zerg Ground Armor Level 1, Zergling x4  
  118  9:44  Zergling x12  
  126  9:48  Infestation Pit  
  125  9:59  Extractor  
  119  10:02  Extractor  
  109  10:10  Mutalisk x3  
  109  10:13  Overlord  
  111  10:14  Zergling x22  
  111  10:15  Zergling x2  
  117  10:21  Mutalisk  
  117  10:22  Mutalisk  
  117  10:23  Overlord  
  117  10:24  Zergling x6  
  120  10:35  Drone x7  
  127  10:40  Zergling x4, Overlord  
  127  10:41  Zergling x4  
  127  10:42  Baneling  
  131  10:43  Baneling x10  
  131  10:44  Zergling x2  
  129  11:00  Hydralisk Den  
  129  11:01  Roach Warren  
  110  11:12  Zergling x26  
  110  11:13  Zergling x16  
  119  11:22  Overlord  
  114  11:27  Drone x7  
  121  11:33  Mutalisk x3  
  121  11:37  Zerg Melee Weapons Level 2  
  127  11:40  Hive  
  123  11:53  Hydralisk x5  
  117  11:58  Spore Crawler  
  117  12:00  Spore Crawler  
  117  12:01  Spore Crawler  
  112  12:03  Spore Crawler  
  112  12:07  Spore Crawler  
  110  12:12  Zerg Ground Armor Level 2  
  110  12:13  Zergling x42  
  110  12:14  Zergling x2  
  132  12:33  Lurker Den  
  132  12:34  Muscular Augments, Glial Reconstitution  
  131  12:38  Drone  
  131  12:39  Drone x8  
  139  12:51  Hatchery  
  139  12:55  Baneling  
  139  12:56  Baneling x7  
  138  13:01  Zergling x16  
  144  13:11  Hydralisk x6  
  144  13:12  Hydralisk  
  158  13:17  Overlord  
  154  13:35  Lurker x3  
  154  13:36  Lurker x2  
  154  13:37  Viper  
  154  13:38  Drone x5  
  154  13:39  Drone x8  
  175  13:45  Grooved Spines  
  175  13:51  Baneling x10  
  175  13:53  Extractor  
  174  13:57  Extractor  
  173  14:05  Baneling x5  
  173  14:12  Hydralisk x6  
Show
View Real Time Build Order
Export as new Build Order

qqq Zerg 

Build Orders: Hatch First 

Get SALT Encoding   

  12  0:00  Drone  
  13  0:08  Drone  
  14  0:17  Overlord  
  14  0:48  Hatchery  
  13  0:53  Drone x2  
  13  0:55  Drone  
  16  1:05  Drone  
  17  1:19  Spawning Pool  
  17  1:20  Extractor  
  15  1:28  Drone x2  
  17  1:43  Drone  
  18  1:54  Drone  
  19  2:02  Drone x2  
  19  2:08  Queen  
  23  2:09  Queen  
  23  2:12  Drone  
  26  2:17  Overlord  
  26  2:28  Drone x2  
  28  2:33  Metabolic Boost  
  28  2:38  Drone x2  
  28  2:42  Drone  
  31  2:53  Overlord  
  31  2:54  Drone  
  31  2:55  Drone  
  33  3:02  Drone  
  34  3:08  Overlord  
  34  3:15  Drone  
  35  3:22  Drone  
  35  3:23  Drone x2, Overlord  
  35  3:24  Zergling x4  
  35  3:25  Roach Warren, Zergling x2  
  40  3:30  Evolution Chamber  
  39  3:37  Zergling x4  
  39  3:38  Zergling x2  
  42  3:41  Zergling x2  
  43  3:51  Hatchery  
  42  4:00  Zerg Ground Armor Level 1  
  42  4:05  Roach x2  
  42  4:06  Roach x2  
  42  4:08  Drone  
  42  4:09  Drone  
  52  4:11  Drone  
  53  4:18  Drone x3  
  56  4:30  Drone x3  
  56  4:31  Drone  
  60  4:32  Overlord  
  60  4:33  Overlord  
  60  4:38  Extractor  
  60  4:45  Extractor  
  58  4:46  Extractor, Roach  
  58  4:51  Lair  
  59  4:54  Overlord  
  59  4:55  Zergling x2, Overlord  
  59  4:56  Zergling x2  
  63  5:00  Roach  
  56  5:19  Zergling x6  
  56  5:20  Zergling x4  
  60  5:39  Drone x2, Roach x2  
  60  5:40  Drone x2  
  68  5:49  Queen  
  70  5:50  Drone x2  
  70  5:51  Drone  
  73  6:03  Drone x3  
  76  6:08  Hydralisk Den  
  76  6:09  Infestation Pit  
  74  6:11  Hatchery  
  74  6:15  Spine Crawler x2  
  74  6:16  Drone x3  
  74  6:17  Drone x2  
  76  6:19  Hatchery  
  75  6:26  Drone x5  
  80  6:47  Zergling x4, Roach  
  80  6:48  Zergling x4, Roach x2  
  84  7:04  Drone, Zergling x6  
  84  7:05  Drone x2  
  90  7:14  Overlord x4  
  90  7:15  Overlord  
  86  7:36  Drone x5  
  86  7:37  Drone x5  
  92  7:39  Hive  
  92  7:42  Zerg Melee Weapons Level 1  
  92  7:56  Evolution Chamber  
  91  8:01  Spore Crawler  
  91  8:02  Hydralisk x5, Spore Crawler  
  91  8:03  Hydralisk x4  
  107  8:06  Spore Crawler  
  107  8:10  Spore Crawler  
  105  8:17  Spire  
  104  8:21  Hydralisk x4  
  104  8:23  Drone x4  
  116  8:33  Muscular Augments  
  114  8:37  Spore Crawler x2  
  114  8:39  Spore Crawler  
  114  8:40  Spore Crawler  
  110  8:41  Spore Crawler  
  110  8:44  Hydralisk, Roach x2  
  110  8:45  Roach x2  
  90  9:06  Hydralisk x5  
  100  9:14  Spore Crawler  
  100  9:15  Spore Crawler  
  96  9:28  Spore Crawler  
  96  9:31  Drone x3, Spore Crawler  
  95  9:33  Drone x7  
  95  9:34  Drone x7  
  95  9:35  Zerg Ground Armor Level 2  
  109  9:40  Viper  
  109  9:42  Overlord x2  
  112  9:51  Extractor  
  112  9:52  Overlord x3  
  111  9:55  Extractor  
  104  10:14  Mutalisk x5  
  112  10:28  Mutalisk x2  
  116  10:35  Hydralisk  
  116  10:37  Zergling x8  
  116  10:38  Drone x5, Zergling x4  
  116  10:41  Extractor x2, Queen  
  129  10:48  Roach x3  
  124  11:00  Mutalisk x3  
  106  11:12  Mutalisk  
  93  11:19  Mutalisk  
  93  11:24  Mutalisk  
  90  11:34  Mutalisk  
  92  11:51  Zerg Missile Weapons Level 1  
  88  11:57  Drone x4, Mutalisk x2  
  88  11:58  Drone x3  
  88  11:59  Drone  
  100  12:04  Hatchery  
  100  12:06  Mutalisk  
  101  12:20  Hatchery  
  100  12:28  Viper  
  100  12:29  Hydralisk x3  
  105  12:30  Zergling x6  
  112  12:43  Hatchery  
  111  12:45  Spine Crawler  
  111  12:50  Hydralisk  
  111  12:51  Hydralisk  
  114  13:01  Viper  
  114  13:02  Hydralisk x2  
  114  13:03  Zergling x6  
  124  13:11  Ultralisk Cavern  
  123  13:18  Lurker Den  
  111  13:26  Drone x7  
  111  13:27  Drone  
  113  13:30  Spine Crawler  
  113  13:31  Spine Crawler  
  111  13:34  Drone x2  
  111  13:39  Drone x3  
  111  13:40  Drone  
  117  13:53  Drone x5  
  122  14:04  Zergling x4  
  122  14:05  Zergling x2, Ultralisk  
  122  14:07  Zergling x2  
  122  14:08  Zergling x6  
  133  14:21  Drone, Spine Crawler  
  133  14:22  Drone x4, Extractor  
  130  14:32  Spine Crawler  
  130  14:34  Spine Crawler  
  130  14:35  Extractor  
Show
View Real Time Build Order
Export as new Build Order

Massa Terran 

Build Orders:  

Get SALT Encoding   

  12  0:00  SCV  
  13  0:12  SCV  
  14  0:23  Supply Depot  
  14  0:25  SCV  
  15  0:45  SCV  
  15  0:46  Barracks  
  16  0:50  Refinery  
  16  0:57  SCV  
  17  1:08  Barracks  
  17  1:09  SCV  
  18  1:21  SCV  
  19  1:33  SCV  
  20  1:40  Reaper  
  21  1:57  Supply Depot  
  21  2:00  Orbital Command  
  21  2:07  Reaper  
  22  2:12  Reaper  
  23  2:30  Command Center  
  23  2:31  SCV  
  24  2:40  Barracks Tech Lab  
  24  2:51  Barracks Reactor  
  24  2:53  SCV  
  25  2:58  Refinery  
  25  3:01  Marine  
  25  3:05  SCV  
  27  3:10  Supply Depot  
  27  3:19  Marine  
  28  3:48  Marauder, Marine x2  
  32  3:49  SCV  
  32  3:50  Orbital Command  
  33  4:01  SCV  
  32  4:06  Marine x2, Stimpack  
  32  4:09  Marauder  
  36  4:11  Factory  
  36  4:13  SCV  
  37  4:20  SCV  
  37  4:24  Marine  
  37  4:25  SCV, Marine  
  37  4:31  Marauder  
  42  4:32  SCV  
  42  4:33  Engineering Bay  
  42  4:36  Engineering Bay  
  42  4:37  SCV  
  44  4:42  Marine  
  44  4:44  SCV  
  46  4:50  SCV  
  47  4:56  SCV  
  48  5:03  Factory Tech Lab  
  48  5:04  Marine x2  
  48  5:05  Marauder  
  46  5:21  Siege Tank  
  46  5:22  SCV x2, Marine  
  52  5:30  Starport  
  52  5:33  Barracks  
  52  5:34  SCV x2  
  54  5:36  Supply Depot  
  54  5:37  Supply Depot  
  54  5:50  Terran Infantry Armor Level 1  
  54  5:52  Missile Turret x2  
  54  5:53  Terran Infantry Weapons Level 1  
  54  5:57  Marine x2  
  54  5:58  Marauder, Supply Depot x2  
  54  6:00  Supply Depot  
  54  6:01  Command Center  
  58  6:06  Combat Shield  
  58  6:15  Marine x2  
  53  6:42  Marauder, Marine x2  
  53  6:45  Barracks Reactor, Starport Reactor  
  52  6:47  SCV x2  
  52  6:51  Refinery  
  52  6:52  Refinery  
  53  6:59  SCV x2, Armory  
  55  7:04  Marauder  
  57  7:10  Marine x2  
  57  7:11  SCV x2  
  57  7:13  Siege Tank  
  64  7:24  SCV x2  
  64  7:25  Marine  
  64  7:28  Marine x2  
  69  7:36  SCV, Missile Turret  
  69  7:37  SCV  
  71  7:42  Marine  
  72  7:46  Marine  
  72  7:48  SCV  
  72  7:49  SCV  
  75  7:56  Planetary Fortress  
  75  8:01  SCV x2  
  75  8:02  Widow Mine  
  75  8:03  Marine x5  
  80  8:13  SCV  
  81  8:20  Marine  
  81  8:21  Marine  
  81  8:23  Widow Mine  
  81  8:24  Medivac x2  
  89  8:32  Missile Turret  
  89  8:36  Missile Turret  
  85  8:43  SCV x3  
  88  8:53  Missile Turret  
  88  8:54  Medivac x2  
  88  8:55  SCV x2  
  94  9:06  SCV  
  94  9:07  SCV x2  
  97  9:18  SCV  
  97  9:19  SCV  
  97  9:23  Medivac  
  97  9:24  Medivac  
  103  9:30  Marauder, Marine x2  
  103  9:31  Marine  
  98  9:41  Missile Turret  
  98  9:46  Sensor Tower  
  98  9:51  Marauder  
  98  9:53  Medivac  
  84  10:07  Marine  
  84  10:08  Marine x3  
  84  10:10  Widow Mine  
  84  10:13  Marauder  
  83  10:25  SCV x3, Marine  
  83  10:26  Marine x3  
  90  10:31  Widow Mine  
  90  10:33  Marine  
  90  10:34  Terran Infantry Armor Level 2, Barracks  
  90  10:35  Barracks, Terran Infantry Weapons Level 2  
  93  10:36  Barracks x2  
  93  10:37  SCV x2, Terran Vehicle And Ship Armor Level 1  
  93  10:40  Barracks  
  95  10:43  Marine  
  95  10:49  Missile Turret  
  96  10:54  Sensor Tower  
  86  11:19  Marauder, Marine x4  
  74  11:28  Missile Turret  
  74  11:31  Marine x5, Missile Turret  
  77  11:37  Marine x4  
  81  11:40  Marauder  
  81  11:41  Siege Tank  
  81  11:43  Medivac x2  
  89  11:48  Marine  
  89  11:49  Marine x4  
  89  11:54  Marine, Missile Turret  
  94  11:55  Marine x3  
  94  11:57  Missile Turret  
  94  11:58  Missile Turret  
  98  12:01  Marine  
  99  12:13  Barracks Reactor x2, Barracks Tech Lab, Medivac x2, Siege Tank  
  99  12:14  Barracks Tech Lab  
  106  12:16  Barracks Tech Lab  
  106  12:20  Refinery  
  106  12:22  Refinery  
  106  12:33  Command Center  
  106  12:44  Missile Turret  
  106  12:47  Missile Turret  
  106  12:48  Missile Turret  
  106  12:49  Missile Turret  
  106  12:50  Marauder, Marine  
  109  12:59  Supply Depot x2  
  109  13:00  Supply Depot  
  109  13:08  Concussive Shells  
  109  13:20  Marauder x3, Marine x2  
  109  13:21  Marauder, Marine x6  
  109  13:26  Supply Depot x2  
  125  13:27  Supply Depot  
  125  13:32  Siege Tank  
  128  13:38  Marine x5  
  133  13:44  Marine x3  
  133  13:45  Marauder x3  
  142  13:50  Supply Depot  
  142  13:53  Supply Depot  
  142  13:55  Supply Depot  
  142  13:56  Supply Depot  
  142  13:58  Supply Depot  
  142  14:04  Siege Tank  
  145  14:17  Supply Depot  
  145  14:19  Supply Depot  
  145  14:21  Supply Depot  
  145  14:24  Supply Depot  
  145  14:28  Marauder x3  
  145  14:29  Marauder, Marine x8  
  161  14:36  Siege Tank  
  119  14:46  Marine  
  119  14:47  Marine x5  
  119  14:50  Marauder x3  
  120  14:56  Marine x2  
Tags
 
Add a new tag
Caveats
  • Supply blocks, unpowered buildings, or Contaminate may cause inaccurate times.
  • Supply counts are checked every 10 seconds.